[Event "*** Titled Tuesday Blitz"]
[Site "Chess.com"]
[Date "2020.05.26"]
[Round "1"]
[White "Meri-Arabidze"]
[Black "DinaBelenkaya"]
[Result "1-0"]
[WhiteElo "2583"]
[BlackElo "2237"]
[TimeControl "180+1"]
[EndTime "10:07:17 PDT"]
[Termination "Meri-Arabidze won by checkmate"]

1. d4 Nf6 2. c4 c5 3. d5 e5 4. Nc3 d6 5. e4 Be7 6. Be2 Nbd7 7. Nf3 Nf8 8. h4 h5 9. g3 Bd7 10. Qc2 Qc8 11. Bg5 a6 12. a4 Bd8 13.
Nd1 Ba5+ 14. Bd2 Bxd2+ 15. Nxd2 b6 16. Ne3 Ng4 17. Nf5 Bxf5 18. exf5 Nd7 19. Ne4 Qc7 20. Bxg4 hxg4 21. Qe2 Nf6 22. Nxf6+ gxf6 23. Qxg4 Ke7 24.
Qe4 b5 25. axb5 axb5 26. Rxa8 Rxa8 27. O-O Ra2 28. Qb1 Qa5 29. b3 Qd2 30. Qe4 b4 31. h5 Ra3 32. Qh4 Qh6 33. Rb1 Ra2 34. Re1 Qd2 35. Rf1 Qh6 36. g4 Rb2 37. Qh3 e4 38. Re1 Kf8 39. Rxe4 Qc1+ 40. Kg2 Qc2 41. Qe3 Kg7 42. h6+ Kh7 43. Re7 Rxb3 44. Rxf7+ Kg8 45.
Rg7+ Kh8 46. Qe8# 1-0

[Event "*** Titled Tuesday Blitz"]
[Site "Chess.com"]
[Date "2020.05.26"]
[Round "1"]
[White "avantage_ru"]
[Black "WPWPWP-2015"]
[Result "1-0"]
[WhiteElo "2736"]
[BlackElo "2373"]
[TimeControl "180+1"]
[EndTime "10:07:18 PDT"]
[Termination "avantage_ru won on time"]

1. b3 e5 2. Bb2 Nc6 3. e3 Nf6 4. Bb5 Bd6 5. Na3 Na5 6. Be2 O-O 7. Nb5 b6 8. Nf3 e4 9. Nxd6 cxd6 10. Nd4 Nc6 11.
O-O d5 12. f3 Re8 13. Bb5 Ne5 14. Qe1 a6 15. Be2 d6 16. Kh1 Bd7 17. a4 Rc8 18. Bxa6 Ra8 19. Be2 h6 20. Rc1 Nh7 21. f4 Ng6 22. g4 Qc8 23. Qg3 Ngf8 24. c4 dxc4 25. Bxc4 Qd8 26. Rg1 Ne6 27. Nf5 Bc8 28. Bd5 Ra7 29.
h4 Nc7 30. Rxc7 Rxc7 31. Bxg7 Be6 32. Bxe4 d5 33. Bb1 f6 34. Bxh6 d4 35. Nxd4 Bd5+ 36. Kh2 Rce7 37. g5 f5 38. Nxf5 Re6 39. Nd4 Rd6 40.
f5 Be4 41. g6 Nf6 42. Bg5 Bxb1 43. Rxb1 Qd7 44. Rf1 Ne4 45. Qg2 Rd5 46. f6 Rxg5 47. f7+ 1-0

[Event "*** Titled Tuesday Blitz"]
[Site "Chess.com"]
[Date "2020.05.26"]
[Round "1"]
[White "DrBergerBerger"]
[Black "wannabe2700"]
[Result "0-1"]
[WhiteElo "2369"]
[BlackElo "2734"]
[TimeControl "180+1"]
[EndTime "10:07:18 PDT"]
[Termination "wannabe2700 won on time"]

1. e4 e6 2. d4 d5 3. exd5 exd5 4. Nf3 Nf6 5. h3 c5 6. Bb5+ Bd7 7. Bxd7+ Nbxd7 8.
O-O Be7 9. dxc5 Nxc5 10. Be3 O-O 11. Nbd2 a5 12. Nb3 b6 13. Nbd4 Qd7 14. Re1 Rfe8 15. Ne5 Qc8 16. a4 Bd6 17. Nef3 Nce4 18. Nb5 Bc5 19. c3 h6 20. Bd4 Re7 21. Qd3 Qf5 22. Re3 Rae8 23. Rae1 Qg6 24. Nd2 Nh5 25.
Nxe4 Nf4 26. Qf1 dxe4 27. Bxc5 bxc5 28. Rg3 Qe6 29. Kh2 g6 30. Na3 Qb3 31. Qc4 Qxb2 32. Nb5 Qxf2 33. Ree3 Nh5 34. Rxg6+ Kh7 35. Rgg3 Nxg3 36.
Rxg3 Qf4 0-1

[Event "*** Titled Tuesday Blitz"]
[Site "Chess.com"]
[Date "2020.05.26"]
[Round "1"]
[White "Khayala13"]
[Black "KaterynaLagno"]
[Result "0-1"]
[WhiteElo "2340"]
[BlackElo "2699"]
[TimeControl "180+1"]
[EndTime "10:07:18 PDT"]
[Termination "KaterynaLagno won on time"]

1. e4 e5 2. Nf3 Nc6 3. c3 Nf6 4. d4 Nxe4 5. d5 Ne7 6. Nxe5 Ng6 7. Nxg6 hxg6 8. Bd3 Nc5 9. O-O Nxd3 10. Qxd3 Be7 11.
c4 d6 12. Nc3 Bf5 13. Qe2 Qd7 14. Re1 O-O 15. Bd2 Rfe8 16. h3 Bf6 17. Qf3 Rxe1+ 18. Rxe1 Re8 19. g4 Rxe1+ 20. Bxe1 Qe8 21. Bd2 Bc2 22. Nb5 a6 23. Nc3 b5 24. cxb5 axb5 25. a3 g5 26. b4 Bd4 27. Ne2 Bd1 28. Be3 Bxe3 29. fxe3 Qe5 30. Kf2 Qh2+ 31. Ke1 Bxe2 32.
Qxe2 Qxh3 33. Qxb5 Qxe3+ 34. Kf1 Qxa3 35. Qe8+ Kh7 36. Qxf7 Qc1+ 37. Kg2 Qd2+ 38. Kh3 Qe3+ 39. Kg2 Qe4+ 40. Kh3 Qh1+ 41. Kg3 Qh4+ 42. Kf3 Qh3+ 43.
Kf2 Qxg4 44. Qxc7 Qxb4 45. Qc6 Qf4+ 46. Ke2 g4 47. Qe8 Qf3+ 48. Ke1 Qxd5 0-1

[Event "*** Titled Tuesday Blitz"]
[Site "Chess.com"]
[Date "2020.05.26"]
[Round "1"]
[White "ChessWarrior7197"]
[Black "oneshot007"]
[Result "1-0"]
[WhiteElo "2900"]
[BlackElo "2430"]
[TimeControl "180+1"]
[EndTime "10:07:19 PDT"]
[Termination "ChessWarrior7197 won on time"]

1. e4 c5 2. Nf3 Nc6 3. Bb5 g6 4. Bxc6 bxc6 5. d4 cxd4 6. Qxd4 f6 7. O-O Nh6 8. c4 Nf7 9. c5 Bg7 10. Rd1 O-O 11. Nc3 f5 12. Qd3 fxe4 13. Nxe4 Ne5 14. Nxe5 Bxe5 15. Bg5 Qe8 16. Rac1 Qf7 17. Rc2 a5 18.
Re1 a4 19. Bh6 Bg7 20. Bxg7 Qxg7 21. h4 Rf5 22. Ng3 Rd5 23. Qe3 e5 24. Rd2 Ba6 25. Rxd5 cxd5 26. Qxe5 Qxe5 27. Rxe5 Rb8 28. Rxd5 Rxb2 29.
Rxd7 Rxa2 30. Ra7 Bb5 31. Ne4 Rc2 32. f3 Kf8 33. Ng5 Ke8 34. Ne6 Bc4 35. Nc7+ Kd8 36.
Na8 Bb3 37. Ra5 Rc1+ 38. Kh2 Rc4 39. Nb6 Rxh4+ 40. Kg3 Rb4 41. Ra7 Rb5 42. Rxh7 1-0

[Event "*** Titled Tuesday Blitz"]
[Site "Chess.com"]
[Date "2020.05.26"]
[Round "1"]
[White "Munkhzul_Turmunkh"]
[Black "cukin84"]
[Result "1-0"]
[WhiteElo "2536"]
[BlackElo "2177"]
[TimeControl "180+1"]
[EndTime "10:07:19 PDT"]
[Termination "Munkhzul_Turmunkh won by resignation"]

1. e4 c6 2. d4 d5 3. e5 c5 4. c3 Nc6 5. Nf3 Bg4 6. Nbd2 e6 7. Be2 cxd4 8. cxd4 Bb4 9. O-O Nge7 10. h3 Bh5 11. Nb3 O-O 12. a3 Ba5 13. Nc5 Bb6 14.
b4 Bxc5 15. bxc5 b6 16. g4 Bg6 17. cxb6 Qxb6 18. Be3 Rab8 19. Nh4 Be4 20. f3 Bg6 21. Nxg6 Nxg6 22. f4 Qb3 23. Qd2 Rfc8 24. f5 exf5 25.
gxf5 Nf8 26. f6 g6 27. Bg4 Rc7 28. e6 fxe6 29. Bf4 e5 30. dxe5 Re8 31. e6 Nxe6 32.
Bxe6+ Rxe6 33. Bxc7 Qxh3 34. f7+ Kf8 35. Qg2 Qe3+ 36.
Qf2 Qg5+ 37. Bg3 Nd4 38. Rae1 Re2 39. Rxe2 Nxe2+ 40. Qxe2 Qxg3+ 41. Qg2 Qe3+ 42. Kh1 Qh6+ 43. Qh2 Qe3 44. Qd6+ 1-0

[Event "*** Titled Tuesday Blitz"]
[Site "Chess.com"]
[Date "2020.05.26"]
[Round "1"]
[White "Aygehovit1992"]
[Black "atalz0"]
[Result "1-0"]
[WhiteElo "2683"]
[BlackElo "2318"]
[TimeControl "180+1"]
[EndTime "10:07:20 PDT"]
[Termination "Aygehovit1992 won on time"]

1. e4 d5 2. exd5 Nf6 3. d4 Nxd5 4. c4 Nb6 5. Nc3 e5 6. d5 Bb4 7. Nf3 O-O 8. Qc2 e4 9. Nd4 c6 10. Be3 cxd5 11. O-O-O Bxc3 12. Qxc3 Nc6 13. Nxc6 bxc6 14. Bd4 Qg5+ 15. Kb1 dxc4 16. h4 Qg4 17. Bxc4 Nxc4 18.
Qxc4 Qe6 19. Qc3 f6 20. Bc5 Re8 21. Rd6 Qe5 22. Qxe5 Rxe5 23. Rxc6 Bf5 24. Be3 a5 25. Rd1 h5 26. b3 a4 27. b4 a3 28. Kc2 Rb8 29. Kc3 Kh7 30. Rdd6 Reb5 31. Bc5 Bg6 32. Rc7 Be8 33. Rxf6 R5b7 34. Rxb7 Rxb7 35. Ra6 Rd7 36.
Rxa3 Rd3+ 37. Kb2 Rd2+ 38. Kc1 Re2 39. Kd1 Bb5 40. Ra5 Bc4 41. a3 Rb2 42. Ra7 Kg6 43. Rxg7+ Kf5 44. Rg5+ 1-0

[Event "*** Titled Tuesday Blitz"]
[Site "Chess.com"]
[Date "2020.05.26"]
[Round "1"]
[White "BogdanDeac"]
[Black "SoltaniciR"]
[Result "1-0"]
[WhiteElo "2968"]
[BlackElo "2447"]
[TimeControl "180+1"]
[EndTime "10:07:21 PDT"]
[Termination "BogdanDeac won by resignation"]

1. Nf3 c5 2. c4 Nf6 3. Nc3 e6 4. g3 b6 5. Bg2 Bb7 6. O-O a6 7.
d3 Be7 8. e4 d6 9. Nh4 Nc6 10.
f4 Qc7 11. Nf3 O-O 12. h3 Rfe8 13. g4 Bf8 14. f5 Nd7 15. g5 Nde5 16. Bf4 b5 17. fxe6 fxe6 18. Bxe5 dxe5 19. cxb5 axb5 20. Nxb5 Qb6 21. a4 Nb4 22. Nxe5 Rad8 23. Qf3 c4+ 24. d4 Nc2 25. Rad1 Ba6 26. Qf7+ Kh8 27. Nd7 Qb7 28.
Nxf8 Qxf7 29. Rxf7 Rxf8 30. Rxf8+ Rxf8 31. d5 Ne3 32. Rd2 exd5 33. exd5 Bxb5 34. axb5 Nxg2 35. Kxg2 Rb8 36.
d6 Kg8 37. d7 Rd8 38. b6 Kf7 39. b7 Ke7 40. Kg3 1-0

[Event "*** Titled Tuesday Blitz"]
[Site "Chess.com"]
[Date "2020.05.26"]
[Round "1"]
[White "chenxiaoyuer"]
[Black "Ba_clbaf_osed_ingo_3v21"]
[Result "1-0"]
[WhiteElo "2316"]
[BlackElo "2621"]
[TimeControl "180+1"]
[EndTime "10:07:21 PDT"]
[Termination "chenxiaoyuer won by resignation"]

1. e4 c5 2. Nf3 d6 3. d4 cxd4 4. Nxd4 Nf6 5. Nc3 a6 6. Be2 e5 7.
Nb3 Be7 8. O-O O-O 9. Kh1 Be6 10.
f4 exf4 11. Bxf4 Nc6 12. Qe1 Ne5 13. Rd1 Rc8 14. Bxe5 Qc7 15. Bd4 b5 16. a3 Rfe8 17.
Qg3 Kh8 18. Bd3 Nh5 19. Qf3 Nf6 20. Bxf6 Bxf6 21. Nd5 Bxd5 22. exd5 Bxb2 23. Qxf7 Qxf7 24. Rxf7 Bxa3 25. g3 Bb2 26. Ra7 Ra8 27. Rxa8 Rxa8 28. Rf1 Kg8 29. Na5 Bf6 30. Nc6 a5 31. Bxb5 a4 32. Bc4 a3 33. Ba2 Re8 34. Rf3 Bb2 35. Kg2 g6 36. Kf2 Kg7 37. Re3 Rf8+ 38. Ke2 Rf7 39.
Nd8 Rd7 40. Ne6+ Kf6 41. Kd3 Rb7 42. Rf3+ Ke7 43. Rf7+ Kxf7 44. Nd8+ Ke7 45. Nxb7 h5 46.
Na5 Bf6 47. Nc4 h4 48. Nxa3 h3 49. Nc4 g5 50. Ne3 Be5 51. Ng4 Bb2 52. c3 Ba3 53.
Bb3 Bc5 54. Bd1 Kf7 55. Be2 Kg6 56. Bf1 1-0

[Event "*** Titled Tuesday Blitz"]
[Site "Chess.com"]
[Date "2020.05.26"]
[Round "1"]
[White "CarlosAlbornoz"]
[Black "ZarinaShafigullina"]
[Result "1-0"]
[WhiteElo "2704"]
[BlackElo "2344"]
[TimeControl "180+1"]
[EndTime "10:07:22 PDT"]
[Termination "CarlosAlbornoz won by resignation"]

1. e4 c5 2. Nf3 Nc6 3. d4 cxd4 4. Nxd4 Nf6 5. Nc3 e5 6. Ndb5 d6 7. Bg5 a6 8. Na3 b5 9. Bxf6 gxf6 10. Nd5 f5 11. c3 Bg7 12. exf5 Bxf5 13. Nc2 O-O 14. Nce3 Bg6 15. h4 Ne7 16. Nxe7+ Qxe7 17. h5 Be4 18.
h6 Bh8 19. Bd3 Bg6 20. Bxg6 fxg6 21.
Qd5+ Qf7 22. Ke2 Qxd5 23. Nxd5 Bf6 24. a4 Bg5 25. Nc7 Rac8 26. Nxa6 bxa4 27. Rxa4 d5 28. Rg4 Bf6 29. Nb4 d4 30. cxd4 exd4 31. Rd1 Rb8 32. Nd3 Kf7 33. Re4 Rfe8 34. f3 Re6 35.
Ra1 Rbe8 36. Ra7+ Kg8 37. Nc5 Re5 38. Rxe5 Rxe5+ 39. Ne4 Re6 40. Kd3 Be5 41. Ra8+ Kf7 42. Ng5+ Kf6 43. Nxe6 Kxe6 44. Ra7 Kf5 45. Rxh7 g5 46.
Rf7+ 1-0

[Event "*** Titled Tuesday Blitz"]
[Site "Chess.com"]
[Date "2020.05.26"]
[Round "1"]
[White "Grandmaster2B"]
[Black "SaraciNderim"]
[Result "1-0"]
[WhiteElo "2430"]
[BlackElo "2816"]
[TimeControl "180+1"]
[EndTime "10:07:24 PDT"]
[Termination "Grandmaster2B won on time"]

1. e4 e5 2. Nf3 Nc6 3. Bb5 a6 4. Ba4 Nf6 5. O-O Nxe4 6. d4 b5 7. Bb3 d5 8. dxe5 Be6 9. c3 Be7 10. Bc2 O-O 11. Nbd2 Bf5 12. Re1 Bg6 13. Nd4 Nxe5 14. f4 Nxd2 15. Bxd2 Bxc2 16. Qxc2 Nc4 17. b3 Nxd2 18. Qxd2 Bf6 19. Kh1 c5 20. Nf3 Qd6 21.
Rad1 Rad8 22. Ne5 Rfe8 23. Nd3 g6 24. Nf2 Rxe1+ 25. Rxe1 c4 26. bxc4 dxc4 27. Qe3 Bg7 28. Ne4 Qd3 29. Qb6 Ra8 30. Qc6 Rd8 31. Qb6 h6 32. h3 Kh8 33. Nf2 Qd2 34. Rd1 Qxd1+ 35. Nxd1 Rxd1+ 36. Kh2 Bxc3 37. Qxa6 Bf6 38. Qxf6+ 1-0

[Event "*** Titled Tuesday Blitz"]
[Site "Chess.com"]
[Date "2020.05.26"]
[Round "1"]
[White "sergeikim"]
[Black "GMSrinath"]
[Result "0-1"]
[WhiteElo "2409"]
[BlackElo "2829"]
[TimeControl "180+1"]
[EndTime "10:07:24 PDT"]
[Termination "GMSrinath won on time"]

1. d4 f5 2. c4 Nf6 3. g3 g6 4.
Bg2 Bg7 5. Nf3 O-O 6. O-O d6 7. Nc3 Nbd7 8. d5 e5 9. dxe6 Nc5 10. Nd4 c6 11. b3 Nxe6 12. Nxe6 Bxe6 13. Bb2 Qe7 14.
Qc2 Rad8 15. Rad1 Rfe8 16. Rfe1 Bf7 17. e4 f4 18. Ba3 Qc7 19. Bc1 fxg3 20. hxg3 h6 21.
Bf4 g5 22. Bc1 Bg6 23. Qd2 Ng4 24. Bb2 Rf8 25. Re2 Ne5 26. f4 Qb6+ 27. Kh1 Nf7 28. Na4 Qc7 29. Bxg7 Kxg7 30. Qc3+ Kg8 31. Qf6 Bh5 32.
g4 Bxg4 33. Qg6+ Kh8 34. Rdd2 Qe7 35. e5 Rg8 36. exd6 Rxd6 37. Rxe7 Rgxg6 0-1

[Event "*** Titled Tuesday Blitz"]
[Site "Chess.com"]
[Date "2020.05.26"]
[Round "1"]
[White "kingofkolkata"]
[Black "MightyGMpretender"]
[Result "0-1"]
[WhiteElo "2211"]
[BlackElo "2564"]
[TimeControl "180+1"]
[EndTime "10:07:25 PDT"]
[Termination "MightyGMpretender won by checkmate"]

1. d4 Nf6 2. c4 e6 3. g3 c5 4. d5 exd5 5. cxd5 d6 6. Nc3 g6 7. Nf3 Bg7 8. Bg2 O-O 9. O-O Re8 10. Bf4 a6 11. a4 h6 12. h4 Qe7 13. Re1 Nbd7 14.
e4 Ng4 15. Rc1 Nde5 16. Qd2 Kh7 17. Nxe5 Nxe5 18. b3 Bg4 19. Qe3 Bd7 20. f3 b5 21. Kh2 bxa4 22. Nxa4 Rab8 23. Bf1 Rb4 24. Bxa6 Reb8 25. Rc3 c4 26. Bxe5 Bxe5 27. Rxc4 Rxb3 28. Qf2 Rb2 29. Re2 Rxe2 30. Qxe2 Qxh4+ 31. Kg2 Qxg3+ 32. Kf1 Bh3+ 33. Qg2 Qxg2+ 34. Ke1 Rb1+ 35. Rc1 Rxc1# 0-1

[Event "*** Titled Tuesday Blitz"]
[Site "Chess.com"]
[Date "2020.05.26"]
[Round "1"]
[White "m_ezat"]
[Black "Ariadna_Atreides"]
[Result "1-0"]
[WhiteElo "2492"]
[BlackElo "2067"]
[TimeControl "180+1"]
[EndTime "10:07:25 PDT"]
[Termination "m_ezat won by resignation"]

1. d4 e6 2. c4 Bb4+ 3. Bd2 Qe7 4. Nc3 Nf6 5. Qc2 c5 6. d5 O-O 7. O-O-O exd5 8. cxd5 d6 9. Nf3 Bxc3 10. Bxc3 b5 11. e4 b4 12. Bxf6 Qxf6 13. Bd3 Bg4 14. e5 Qh6+ 15.
Kb1 Nd7 16. exd6 Rac8 17. Bf5 Bxf5 18. Qxf5 Qxd6 19. Ng5 Qg6 20. Qxg6 fxg6 21. f3 c4 22. Rhe1 Nc5 23. d6 Rfd8 24. Re7 h6 25. Nf7 Rd7 26. Ne5 Rxe7 27. dxe7 Ne6 28. Rd7 c3 29. bxc3 bxc3 30. Kc2 a5 31. a4 g5 32. h4 g4 33. f4 Kh7 34. f5 Nc5 35. Rd8 Nxa4 36. Rxc8 1-0

[Event "*** Titled Tuesday Blitz"]
[Site "Chess.com"]
[Date "2020.05.26"]
[Round "1"]
[White "czasnaszachy"]
[Black "EugeneRougon"]
[Result "1-0"]
[WhiteElo "2378"]
[BlackElo "2706"]
[TimeControl "180+1"]
[EndTime "10:07:26 PDT"]
[Termination "czasnaszachy won on time"]

1. d4 d6 2. c4 g6 3. Nc3 Bg7 4. e4 e5 5. d5 Nd7 6. f3 Ne7 7. Nh3 O-O 8. Bg5 f5 9. Qd2 Nf6 10. Nf2 f4 11. g3 h6 12. Bxf6 Bxf6 13. gxf4 exf4 14. Rg1 Kh7 15. O-O-O Be5 16. Ng4 Bxg4 17. Rxg4 c6 18. Bd3 Rc8 19. Kb1 Qb6 20. h4 cxd5 21.
exd5 Nf5 22. h5 Qe3 23. Qc2 Kh8 24. Rxg6 Ng3 25. Rxh6+ Kg7 26. Rg6+ Kf7 27. Bf5 Rxc4 28. Be6+ Ke7 29. Qb3 Rc7 30. h6 Rh8 31. Rc1 Qxf3 32. Rd1 1-0

[Event "*** Titled Tuesday Blitz"]
[Site "Chess.com"]
[Date "2020.05.26"]
[Round "1"]
[White "Bhagya_2312"]
[Black "DariaVoit"]
[Result "1-0"]
[WhiteElo "2105"]
[BlackElo "2462"]
[TimeControl "180+1"]
[EndTime "10:07:27 PDT"]
[Termination "Bhagya_2312 won by resignation"]

1. e4 e6 2. d4 d5 3. e5 c5 4. c3 Nc6 5. Nf3 Qb6 6. Be2 cxd4 7. cxd4 Nge7 8. Nc3 Nf5 9. Na4 Qa5+ 10. Kf1 b5 11. Nc3 b4 12. Nb1 Ba6 13. Be3 Be7 14. Nbd2 O-O 15. Nb3 Qb6 16. Bd3 Bc4 17. g4 Nxe3+ 18.
fxe3 f6 19. exf6 Rxf6 20. Kg2 Raf8 21. Rf1 e5 22. Bxc4 dxc4 23. dxe5 Rxf3 24. Rxf3 Rxf3 25. Qxf3 cxb3 26. Qd5+ Kh8 27. axb3 h6 28. Rc1 Nd8 29. Rc8 Kh7 30. Qd7 Bg5 31. Qf5+ Qg6 32. Qxg6+ Kxg6 33. Kf3 Nf7 34. Ke4 Be7 35. Rc7 Ng5+ 36. Kd5 Bd8 37. Rxa7 Bb6 38. Ra6 1-0

[Event "*** Titled Tuesday Blitz"]
[Site "Chess.com"]
[Date "2020.05.26"]
[Round "1"]
[White "Chess_Boxer123"]
[Black "MartinMatthiesen"]
[Result "0-1"]
[WhiteElo "2716"]
[BlackElo "2385"]
[TimeControl "180+1"]
[EndTime "10:07:28 PDT"]
[Termination "MartinMatthiesen won by resignation"]

1. d4 Nf6 2. c4 e6 3. Nc3 Bb4 4. e3 O-O 5. Bd2 d5 6. Nf3 b6 7. cxd5 exd5 8. Bd3 Bb7 9. O-O a6 10. Ne5 Bd6 11. f4 c5 12. Rf3 Nc6 13. Rh3 g6 14.
Be1 cxd4 15. exd4 Nxd4 16. Kh1 Ne6 17. Bg3 d4 18. Ne2 Nxf4 19. Nxf4 Bxe5 20. Qd2 Re8 21.
Rf1 Ne4 22. Bxe4 Bxe4 23. Nh5 gxh5 24. Qh6 Bg6 25. Rxh5 Bg7 26. Qg5 Qxg5 27. Rxg5 Re2 28. Rd1 Rc8 29. h4 h6 30. Rg4 Kh7 31. Bf4 Re4 32. g3 h5 33. Rg5 Bh6 34. Rd5 Bxf4 35. gxf4 d3 36. Rd4 Rxd4 0-1

[Event "*** Titled Tuesday Blitz"]
[Site "Chess.com"]
[Date "2020.05.26"]
[Round "1"]
[White "ljuks68"]
[Black "Blitzstream"]
[Result "0-1"]
[WhiteElo "2325"]
[BlackElo "2678"]
[TimeControl "180+1"]
[EndTime "10:07:28 PDT"]
[Termination "Blitzstream won on time"]

1. e4 d5 2. exd5 Qxd5 3. Nc3 Qa5 4. d4 Nf6 5. Bc4 Bg4 6. f3 Bf5 7. Bd2 Qb6 8. Qe2 Nc6 9. Na4 Qxd4 10. O-O-O O-O-O 11. g4 Bg6 12. Nh3 e6 13. Bf4 Bb4 14. Rxd4 Nxd4 15. Qe5 Rd7 16. c3 Nc6 17. Qe3 Be7 18.
Nc5 Bxc5 19. Qxc5 Rhd8 20. Bb5 Rd5 21. Qc4 Bd3 22. Qb3 Rxb5 23. Qa4 Ra5 24. Qb3 Rb5 25. Qa4 Nd5 26. Bd2 Nb6 27. Qd1 Nc4 28. b3 Nxd2 29. Qxd2 Bf1 30. Qf2 Bxh3 31. Qg3 Rc5 32. c4 b5 33. Qxh3 bxc4 34. bxc4 Rxc4+ 35. Kb1 Rb4+ 36. Ka1 Rd2 37. Qxh7 Rbb2 0-1

[Event "*** Titled Tuesday Blitz"]
[Site "Chess.com"]
[Date "2020.05.26"]
[Round "1"]
[White "zubridis"]
[Black "mishanick"]
[Result "0-1"]
[WhiteElo "2447"]
[BlackElo "2964"]
[TimeControl "180+1"]
[EndTime "10:07:29 PDT"]
[Termination "mishanick won on time"]

1. d4 Nf6 2. Nf3 d5 3. c4 e6 4.
Nc3 dxc4 5. e3 a6 6. Bxc4 b5 7. Be2 Bb7 8. O-O Nbd7 9. b3 c5 10. Bb2 Bd6 11. Rc1 O-O 12. h3 Qe7 13. Qc2 Rac8 14. Qb1 Rfd8 15. Rfd1 cxd4 16. Nxd4 Nc5 17. Bf3 Bb8 18. Bxb7 Qxb7 19. Nf3 h6 20. Ne2 Nce4 21. Rxc8 Rxc8 22. Qd3 Ba7 23. Ne5 Bb6 24. Nf3 b4 25. Rc1 Rd8 26. Qc2 a5 27. Bd4 Bxd4 28. Nexd4 Nc3 29.
Ne2 Nfe4 30. Nfd4 Rc8 31. Qd3 Qd5 32. Nxc3 Nxc3 33. Rc2 e5 34. Qf5 Rd8 35. Nf3 g6 36. Qf6 Qd1+ 37. Kh2 Rd6 38. Qxe5 Kh7 39. Qe7 Rd7 40.
Rd2 Qxd2 0-1

[Event "*** Titled Tuesday Blitz"]
[Site "Chess.com"]
[Date "2020.05.26"]
[Round "1"]
[White "GOGIEFF"]
[Black "DivyaDeshmukh23"]
[Result "1-0"]
[WhiteElo "2901"]
[BlackElo "2432"]
[TimeControl "180+1"]
[EndTime "10:07:29 PDT"]
[Termination "GOGIEFF won by resignation"]

1. d4 Nf6 2. c4 e6 3. Nc3 Bb4 4. Qc2 b6 5. Bg5 Bb7 6. e3 h6 7. Bh4 O-O 8. Nf3 d6 9. Bd3 Nbd7 10. O-O g5 11. Bg3 Bxc3 12. Qxc3 Ne4 13. Bxe4 Bxe4 14.
Nd2 Bb7 15. e4 f5 16. f3 Qf6 17. Rae1 Rae8 18. e5 dxe5 19. Bxe5 Nxe5 20. Rxe5 Kh8 21. d5 Kh7 22. Rfe1 Bc8 23. Nb3 Bd7 24. dxe6 Rxe6 25. Rxe6 Bxe6 26. Nd4 Bd7 27. Nb5 Bxb5 28. cxb5 Qd6 29.
h3 Rd8 30. a4 Rd7 31. Kh1 Qg3 32. Qe3 Rf7 33. Qe6 Kg7 34. Rd1 Qf2 35. Qe5+ Kh7 36. Rd8 Qf1+ 37. Kh2 Kg6 38. Rg8+ Kh5 39. g4+ fxg4 40.
hxg4+ 1-0

[Event "*** Titled Tuesday Blitz"]
[Site "Chess.com"]
[Date "2020.05.26"]
[Round "1"]
[White "Koalaskakistis"]
[Black "Charlottemillard17"]
[Result "1-0"]
[WhiteElo "2460"]
[BlackElo "1451"]
[TimeControl "180+1"]
[EndTime "10:07:29 PDT"]
[Termination "Koalaskakistis won on time"]

1. Nf3 Nc6 2. d4 e6 3. e4 Nf6 4. e5 Nd5 5. c4 Nde7 6. Nc3 d5 7. Be3 Ng6 8. h4 h5 9. g3 Nce7 10. Rc1 c6 11. Bg5 Qb6 12. Qb3 Qxb3 13. axb3 Bd7 14.
Bd3 O-O-O 15. cxd5 exd5 16. b4 Re8 17. b5 Bg4 18.
Nd2 Bf5 19. Be2 Kb8 20. bxc6 Nxc6 21. Nb3 f6 22. exf6 gxf6 23. Bxf6 Rg8 24. O-O Bb4 25. Bxh5 Bxc3 26. bxc3 Re6 27. Bg5 Bh3 28. Rfe1 Rd6 29.
Nc5 Kc7 30. Kh2 Bf5 31. Re3 b6 32. Nb3 Kb7 33. Nd2 Rh8 34. Bf3 Rd7 35. c4 Kc7 36. cxd5 Kb8 37. dxc6 Rxd4 38. c7+ Kc8 39. Nc4 Be6 40.
Rxe6 Rd3 41. Nd6+ 1-0

[Event "*** Titled Tuesday Blitz"]
[Site "Chess.com"]
[Date "2020.05.26"]
[Round "1"]
[White "Spartakus1975"]
[Black "CookiesAndIceCream"]
[Result "1-0"]
[WhiteElo "2693"]
[BlackElo "2327"]
[TimeControl "180+1"]
[EndTime "10:07:30 PDT"]
[Termination "Spartakus1975 won on time"]

1. e4 e6 2. d4 d5 3. exd5 exd5 4. Nf3 Bd6 5. c4 Nf6 6. Nc3 O-O 7. Bd3 Re8+ 8. Be3 dxc4 9. Bxc4 Bg4 10. O-O Nc6 11.
a3 h6 12. h3 Bh5 13. Re1 a6 14. Rc1 Qd7 15. Be2 Rad8 16. Qb3 Na5 17. Qa2 Ne4 18. Rcd1 Ng3 19. fxg3 Rxe3 20. Ne5 Bxe5 21. dxe5 Qe7 22.
Bxh5 Rxd1 23. Rxd1 Rxe5 24. Bf3 c6 25. b4 Re3 26. Ne4 Nb3 27. Qc2 a5 28. Qc4 axb4 29. axb4 Kh7 30. Kh2 f5 31. Nc5 Nxc5 32. Qxc5 Qxc5 33.
bxc5 Rc3 34. Rb1 Rxc5 35. Rxb7 Kg6 36. Rc7 Kg5 37. Rxc6 Rxc6 38. Bxc6 f4 39. g4 Kh4 40. Bf3 g6 41. Kg1 Kg3 42. Kf1 Kh4 43. Be4 h5 44.
Bxg6 1-0

[Event "*** Titled Tuesday Blitz"]
[Site "Chess.com"]
[Date "2020.05.26"]
[Round "1"]
[White "profofchess"]
[Black "fish7728"]
[Result "1-0"]
[WhiteElo "2483"]
[BlackElo "2027"]
[TimeControl "180+1"]
[EndTime "10:07:30 PDT"]
[Termination "profofchess won on time"]

1. e4 c5 2. Nf3 e6 3. c3 Nf6 4. Bd3 d5 5. e5 Nfd7 6. Bc2 Nc6 7. d4 Qb6 8. a3 c4 9. O-O Na5 10. Nbd2 Nb8 11. h4 Nbc6 12. h5 Bd7 13. Nh4 O-O-O 14. f4 f6 15. Kh1 Be7 16. Qg4 Rdf8 17. Nhf3 Rhg8 18. Bxh7 Rh8 19. Bg6 f5 20. Qh3 Be8 21. Bxe8 Rxe8 22. g4 g6 23. Kg2 fxg4 24. Qxg4 gxh5 25.
Qxe6+ Kb8 26. Qxd5 Reg8+ 27. Kh2 Bh4 28. Ne4 Rg4 29.
Nf6 Bxf6 30. exf6 Rhg8 31. Ng5 Qc7 32. Qxg8+ Nd8 33. f7 Rh4+ 34. Kg3 Rg4+ 35. Kh3 Qc6 36. d5 Qd7 37. f5 Qe7 38. Bf4+ Ka8 39. f8=Q Rh4+ 40.
Kxh4 1-0

[Event "*** Titled Tuesday Blitz"]
[Site "Chess.com"]
[Date "2020.05.26"]
[Round "1"]
[White "Vaathi_Coming"]
[Black "awesomevishesh"]
[Result "1-0"]
[WhiteElo "2867"]
[BlackElo "2419"]
[TimeControl "180+1"]
[EndTime "10:07:32 PDT"]
[Termination "Vaathi_Coming won by resignation"]

1. e4 c5 2. Nf3 d6 3. d4 cxd4 4.
Nxd4 Nf6 5. Nc3 a6 6. Be2 e5 7.
Nf3 Be7 8. Bg5 Nbd7 9. a4 h6 10. Bxf6 Nxf6 11. Bc4 O-O 12. O-O Be6 13. Qd3 Rc8 14.
Nd2 Qc7 15. Bb3 Rfd8 16. Rfd1 Qc5 17. Nf1 Bxb3 18. cxb3 Qb4 19. Qc2 d5 20. exd5 Bc5 21.
a5 Bd4 22. Ra4 Qc5 23. Rc4 Qxa5 24. Ne3 b5 25. Rc6 Rxc6 26. dxc6 Qc7 27. Nf5 g6 28. Nxd4 exd4 29. Ne4 Nxe4 30. Qxe4 Rd6 31. Rc1 Kg7 32.
Qe5+ Kg8 33. Qxd6 Qxd6 34. c7 d3 35. c8=Q+ Kg7 36. Qc3+ Kh7 37. Rd1 Qf4 38. Qxd3 1-0

[Event "*** Titled Tuesday Blitz"]
[Site "Chess.com"]
[Date "2020.05.26"]
[Round "1"]
[White "QueenOfTactics90"]
[Black "thedjoker98"]
[Result "0-1"]
[WhiteElo "1921"]
[BlackElo "2469"]
[TimeControl "180+1"]
[EndTime "10:07:32 PDT"]
[Termination "thedjoker98 won by resignation"]

1. e4 e5 2. Nf3 Nc6 3. d4 exd4 4. Nxd4 Nf6 5. Nc3 Bb4 6. Nxc6 bxc6 7. Bd3 d5 8. exd5 O-O 9. O-O cxd5 10. h3 c6 11.
Qf3 Re8 12. Bg5 Rb8 13. Ne2 Bd6 14. b3 c5 15. Nf4 Be7 16. Rad1 Bb7 17. Bb5 Rf8 18. Qe2 Bd6 19. Nxd5 Bxd5 20. Bxf6 gxf6 21. Rxd5 Bh2+ 22. Kxh2 Qxd5 23. Bd3 Qe5+ 24. Qxe5 fxe5 25. Re1 f6 26. Re4 Rfd8 27. Rh4 Rb7 28. Rh6 Rd6 29. g4 a5 30. g5 a4 31. gxf6 axb3 32. axb3 Rbd7 33.
Kg3 Kf8 34. Bxh7 Rf7 35. Kg4 Rfxf6 36. Rh4 Rf4+ 37. Kg3 Rxh4 38. Kxh4 Rh6+ 39. Kg5 Rxh7 40. h4 Rf7 41. h5 Rxf2 42. h6 e4 43. h7 Kg7 44.
h8=Q+ Kxh8 0-1